Unix NetHack Version 3.7.0-59 Work-in-progress - last build May 27 2022 13:05:58 (8500ec8471030ebd41fc3e2ff99709a52330cc4d,branch:master). Game began 2022-05-28 10:04:27, ended 2022-05-28 10:10:43. rustyspoon, chaotic female elven Wizard .|. ..... ...<.. ...)... ...)^... ..@..... ..)hf...- --....... |.......| -.. ....| .... .... .... ... Rustyspoon the Conjurer St:10 Dx:16 Co:9 In:20 Wi:10 Ch:10 Chaotic Dlvl:4 $:199 HP:0(20) Pw:29(42) AC:9 Exp:4 T:1369 Burdened Latest messages: Welcome to experience level 4. You feel awake! The goblin throws a crude dagger! A crude dagger misses you. You swap places with Purrminator. You see here a thonged club. Purrminator bites the goblin. The goblin misses Purrminator. You have a little trouble lifting L - a green gem. Purrminator bites the goblin. The goblin misses Purrminator. Purrminator bites the goblin. The goblin is killed! There is a gnome corpse here; eat it? [ynq] (n) This gnome corpse tastes okay. You stop eating the gnome corpse. In what direction? The spell hits the dwarf! You kill the dwarf! You see here a thonged club. Purrminator eats a partly eaten gnome corpse. The gnome throws a dart! You are hit by a dart. You hit the gnome. You kill the gnome! You have a little trouble lifting $ - 154 gold pieces. There are several more objects here. Purrminator picks up a dart. The hobbit puts on an iron skull cap. Purrminator misses the hobbit. Purrminator bites the hobbit. The hobbit wields an elven dagger! You have a little trouble lifting M - a pair of hard shoes. You have a little trouble lifting N - a hooded cloak. You have a little trouble lifting O - a pick-axe. You have a little trouble lifting P - a black gem. You have a little trouble lifting L - a green gem. Purrminator misses the hobbit. Purrminator bites the hobbit. The hobbit thrusts his elven dagger at Purrminator. The hobbit hits Purrminator. The hobbit thrusts his elven dagger. The hobbit hits! You hit the hobbit. The hobbit thrusts his elven dagger. The hobbit hits! The hobbit thrusts his elven dagger. The hobbit hits! You die... Do you want your possessions identified? [ynq] (y) Major events: Turn 1: rustyspoon the chaotic female elven Wizard entered the dungeon 1312: entered the Gnomish Mines 1314: attained the rank of Conjurer (level 3) 1369: killed by a hobbit Inventory: Coins $ - 199 gold pieces Weapons w - a blessed +1 quarterstaff (weapon in hands) E - 11 uncursed +2 silver arrows G - a cursed -1 dagger Armor C - an uncursed +0 cloak of magic resistance (being worn) H - a cursed -1 pair of iron shoes I - an uncursed +0 dwarvish cloak M - an uncursed +0 pair of iron shoes N - a blessed +0 dwarvish cloak Comestibles r - 2 uncursed tripe rations Scrolls j - an uncursed scroll of create monster k - an uncursed scroll of light n - an uncursed scroll of destroy armor o - a cursed scroll of enchant weapon t - a blessed scroll of identify u - a cursed scroll of taming J - an uncursed scroll of fire Spellbooks l - a blessed spellbook of force bolt m - an uncursed spellbook of knock q - an uncursed spellbook of teleport away F - an uncursed spellbook of levitation Potions f - an uncursed potion of levitation g - an uncursed potion of gain energy h - an uncursed potion of healing y - an uncursed potion of speed B - a cursed potion of blindness Rings d - an uncursed ring of fire resistance p - an uncursed +1 ring of adornment A - an uncursed ring of shock resistance K - a cursed ring of polymorph named cursed Wands z - an uncursed wand of digging (0:8) Tools e - an uncursed stethoscope i - an uncursed wooden harp v - an uncursed partly used tallow candle (lit) O - an uncursed +0 pick-axe Gems/Stones s - an uncursed chrysoberyl stone L - 2 uncursed worthless pieces of green glass P - an uncursed worthless piece of black glass Rustyspoon the Wizard's attributes: Background: You were a Conjurer, a level 4 female elven Wizard. You were chaotic, nominally on a mission for Anhur who was opposed by Ptah (lawful) and Thoth (neutral). You were in the Gnomish Mines, on level 4. You entered the dungeon 1369 turns ago. You had 99 experience points, 61 more were needed to attain level 5. Basics: You had 0 out of 20 hit points. You had 29 out of 42 energy points (spell power). Your armor class was 9. Your wallet contained 199 zorkmids. Autopickup was on for '$!?/"=' plus thrown, with exceptions. Final Characteristics: Your strength was 10 (limit:18). Your dexterity was 16 (limit:18). Your constitution was 9 (limit:16). Your intelligence was 20 (limit:20). Your wisdom was 10 (limit:20). Your charisma was 10 (limit:18). Final Status: You were not hungry. You were burdened; movement was slightly slowed. You were wielding a quarterstaff. You had basic skill with quarterstaff. Final Attributes: You were devoutly aligned. You were magic-protected. You were sleep resistant. You had infravision. You were warded. You are dead. Miscellaneous: You never encountered a bones level. Total elapsed playing time was 6 minutes and 15 seconds. Vanquished creatures: 2 dwarves 2 acid blobs a yellow mold 6 gnomes 3 jackals 2 kobolds 2 goblins 4 sewer rats 3 grid bugs a bat 2 lichens a kobold zombie 4 newts 33 creatures vanquished. No species were genocided or became extinct. Voluntary challenges: You were an atheist. You read items or engraved 3 times. You never engraved Elbereth. You never genocided any monsters. You never polymorphed an object. You never changed form. You used no wishes. Achievements: You entered the Gnomish Mines. You attained the rank of Conjurer. The Dungeons of Doom: levels 1 to 4 Level 1: "fake bone" Some fountains, a sink. Level 2: A fountain. Level 3: Stairs down to The Gnomish Mines. Level 4: The Gnomish Mines: Level 4: <- You were here. Final resting place for you, killed by a hobbit. Game over: ---------- / \ / REST \ / IN \ / PEACE \ / \ | rustyspoon | | 199 Au | | killed by a | | hobbit | | | | | | 2022 | *| * * * | * _________)/\\_//(\/(/\)/\//\/|_)_______ Goodbye rustyspoon the Wizard... You died in The Gnomish Mines on dungeon level 4 with 726 points, and 199 pieces of gold, after 1369 moves. You were level 4 with a maximum of 20 hit points when you died.